AoeStats
← 0800goon

Black Forest

510147204Analyzed
3v3 RM · 3d ago on Sep 29, 2026· 42m 34s· 6 players
Game mode
Random Map
Map size
Normal (6 player)
Population
200
Speed
Normal
Resources
Standard
Victory
Conquest
Starting age
Dark Age
Ending age
Imperial Age
RankedLock teamsTeams togetherTeam positionsShared explorationLock speedFull tech treeHidden civsTurbo modeCheats
Victory
Defeat
🇫🇷 Franks · France
843
+17
🇹🇷 Britons · Türkiye
822
+18
🇦🇷 Persians · Argentina
791
+19
🇩🇪 Burgundians · Germany
897
-19
🇦🇹 Romans · Austria
890
-20
🇦🇹 Britons · Austria
789
-15
0800goon
1:26 Loom
16:12 Feudal Age
17:34 Wheelbarrow
16:48 Double-Bit Axe
16:57 Gold Mining
16:57 Stone Mining
16:51 Horse Collar
25:07 Castle Age
24:16 Fletching
24:37 Forging
24:27 Padded Archer Armor
24:28 Scale Mail Armor
24:42 Scale Barding Armor
26:26 Bow Saw
26:54 Heavy Plow
33:09 Town Watch
38:15 Imperial Age
37:25 Ballistics
37:00 Murder Holes
38:40 Gold Shaft Mining
39:00 Iron Casting
38:42 Chain Mail Armor
39:02 Kamandaran
38:57 Capped Ram
41:24 Blast Furnace
40:30 Bodkin Arrow
40:22 Crossbowman
41:07 Thumb Ring
OrMercure41
0:32 Loom
12:34 Feudal Age
13:19 Double-Bit Axe
14:51 Stone Mining
14:52 Gold Mining
22:25 Castle Age
22:39 Forging
22:29 Scale Mail Armor
22:36 Scale Barding Armor
22:58 Pikeman
23:39 Squires
26:23 Gold Shaft Mining
35:29 Ordonnance Companies
39:26 Husbandry
44:22 Imperial Age
Noxious
10:17 Feudal Age
11:13 Double-Bit Axe
14:42 Horse Collar
16:21 Wheelbarrow
17:47 Gold Mining
20:24 Castle Age
18:18 Stone Mining
21:26 Heavy Plow
23:43 Hand Cart
24:11 Gold Shaft Mining
32:45 Imperial Age
31:07 Bow Saw
31:21 Ballistics
34:00 Conscription
33:56 Padded Archer Armor
33:48 Fletching
35:26 Chemistry
35:48 Two-Man Saw
34:28 Elite Longbowman
34:51 Pikeman
35:32 Squires
36:20 Warwolf
36:49 Halberdier
37:16 Arson
38:42 Leather Archer Armor
38:23 Bodkin Arrow
38:43 Forging
38:33 Scale Mail Armor
43:31 Ring Archer Armor
43:02 Bracer
43:37 Iron Casting
43:18 Chain Mail Armor
Haudinida
0:27 Loom
12:15 Feudal Age
11:41 Double-Bit Axe
11:38 Horse Collar
13:08 Bow Saw
14:41 Wheelbarrow
17:22 Gold Mining
17:20 Town Watch
21:41 Castle Age
20:06 Heavy Plow
20:03 Stone Mining
20:54 Caravan
21:49 Gold Shaft Mining
24:03 Hand Cart
25:14 Fletching
27:09 Fortified Wall
31:25 Imperial Age
31:12 Crop Rotation
30:28 Treadmill Crane
30:49 Bodkin Arrow
31:34 Burgundian Vineyards
32:43 Two-Man Saw
32:09 Forging
34:10 Chemistry
34:23 Masonry
34:35 Ballistics
34:08 Pikeman
34:48 Squires
35:19 Halberdier
36:28 Arson
37:21 Iron Casting
36:47 Scale Mail Armor
37:46 Town Patrol
38:27 Bracer
39:28 Blast Furnace
38:30 Padded Archer Armor
38:37 Scale Barding Armor
38:36 Elite Skirmisher
42:43 Conscription
42:54 Leather Archer Armor
42:56 Chain Mail Armor
42:47 Murder Holes
43:23 Architecture
Tiafa Teifl
0:27 Loom
11:16 Feudal Age
12:11 Double-Bit Axe
15:02 Wheelbarrow
16:10 Gold Mining
16:18 Horse Collar
19:11 Forging
19:04 Scale Mail Armor
19:27 Stone Mining
23:20 Castle Age
23:27 Arson
24:20 Hand Cart
24:32 Bow Saw
26:18 Heavy Plow
27:18 Gold Shaft Mining
27:25 Iron Casting
28:00 Squires
30:16 Pikeman
37:04 Chain Mail Armor
39:07 Yeomen
Archimedes420
0:51 Loom
12:55 Feudal Age
13:39 Horse Collar
14:53 Double-Bit Axe
19:58 Castle Age
19:42 Stone Mining
19:38 Man-at-Arms
23:01 Wheelbarrow
22:59 Town Watch
23:57 Heavy Plow
24:50 Bow Saw
25:23 Caravan
26:41 Hand Cart
33:11 Squires
32:32 Pikeman
34:08 Fishing Lines
35:54 Husbandry
36:17 Fletching
36:28 Scale Mail Armor
42:08 Imperial Age
Connection lost

Rejoining the realm…

Still unreachable

The connection could not be restored.

Session expired

The server has moved on; the page needs a fresh start.